 Dungeon Crawl Stone Soup version 0.25-a0-510-ge065f6de7d (webtiles) character file.

Game seed: 5722561403655573867, levelgen mode: deterministic

187990 Emblim88 the Brawler (level 17, -8/175 HPs)
             Began as a Troll Berserker on Feb 15, 2020.
             Was a High Priest of Trog.
             Mangled by Mara
             ... wielding a +5 vampiric demon whip
              (13 damage)
             ... on level 3 of the Spider Nest.
             The game lasted 03:51:33 (35093 turns).

Emblim88 the Brawler (Troll Berserker)             Turns: 35093, Time: 03:51:34

Health: -8/175     AC: 11    Str: 34    XL:     17   Next: 46%
Magic:  19/19      EV: 11    Int:  4    God:    Trog [*****.]
Gold:   2358       SH: 21    Dex: 17    Spells: 16/16 levels left

rFire    x . .     SeeInvis .     - Unarmed
rCold    + + .     Gourm    +   x - +5 kite shield
rNeg     . . .     Faith    .   U - +1 acid dragon scales
rPois    +         Spirit   .   (helmet restricted)
rElec    .         Reflect  +   s - scarf {cloud immunity}
rCorr    +         Harm     .   (gloves unavailable)
MR       +++..                  (boots unavailable)
Stlth    +.........             V - +2 amulet of reflection
HPRegen  1.79/turn              J - ring "Rullyoc" {rPois rC+ Dex+4 Stlth-}
MPRegen  0.16/turn              I - ring "Loeshry" {Ice Str+3 Dex+4 Stlth+}

@: regenerating
A: large, unfitting armour, claws 3, fast metabolism 3, gourmand, regeneration
1, screaming 1, shaggy fur 1, tough skin 3, weak 1
}: 1/15 runes: decaying
a: Berserk, Trog's Hand, Brothers in Arms, Renounce Religion


You were on level 3 of the Spider Nest.
You worshipped Trog.
Trog was extremely pleased with you.
You were not hungry.

You visited 6 branches of the dungeon, and saw 30 of its levels.
You also visited: Ossuary.

You collected 4470 gold pieces.
You spent 2112 gold pieces at shops.

Inventory:

Missiles
 e - 8 javelins (quivered)
 n - 19 curare-tipped darts
 u - 17 boomerangs
 K - 5 silver boomerangs
 N - 41 poisoned darts
 X - 3 large rocks
Armour
 k - a +2 robe of cold resistance
 s - a scarf of cloud immunity (worn)
 x - a +5 kite shield (worn)
 G - a +1 robe of magic resistance
 U - +1 acid dragon scales (worn)
 Z - a +0 cloak of magic resistance
Jewellery
 I - the ring "Loeshry" (right claw) {Ice Str+3 Dex+4 Stlth+}
   (You bought it in a shop on level 2 of the Orcish Mines)

   [ring of ice]

   It enhances your ice magic.
   It affects your strength (+3).
   It affects your dexterity (+4).
   It makes you vulnerable to fire.
   It protects you from cold.
   It makes you more stealthy.
 J - the ring "Rullyoc" (left claw) {rPois rC+ Dex+4 Stlth-}
   (You bought it in a shop on level 8 of the Dungeon)

   [ring of attention]

   It affects your dexterity (+4).
   It protects you from cold.
   It protects you from poison.
   It makes you less stealthy.
 O - a +3 ring of intelligence
 P - an uncursed ring of protection from fire
 V - a +2 amulet of reflection (around neck)
Wands
 a - a wand of random effects (15)
 h - a wand of flame (57)
 p - a wand of enslavement (6)
 v - a wand of acid (2)
 B - a wand of polymorph (21)
 F - a wand of paralysis (9)
 Q - a wand of clouds (5)
 R - a wand of iceblast (6)
Scrolls
 j - a scroll of noise
 o - 5 scrolls of magic mapping
 w - 9 scrolls of teleportation
 A - 2 scrolls of fear
 D - 15 scrolls of remove curse
 L - a scroll of brand weapon
 M - 9 scrolls of identify
 T - a scroll of holy word
 W - a scroll of summoning
Potions
 c - 2 potions of flight
 d - a potion of resistance
 g - a potion of ambrosia
 i - a potion of agility
 q - 2 potions of mutation
 r - 7 potions of curing
 z - 2 potions of berserk rage
 E - 6 potions of cancellation
 H - 3 potions of magic
 Y - a potion of might
Miscellaneous
 m - a sack of spiders
 t - a fan of gales
 S - a phial of floods
Comestibles
 b - 16 rations
 f - 3 chunks of flesh


   Skills:
 + Level 12.4 Fighting
 + Level 13.1 Throwing
 - Level 3.0 Dodging
 + Level 12.0 Shields
 * Level 18.7 Unarmed Combat
 - Level 5.0 Evocations


You had 16 spell levels left.
You didn't know any spells.
Your spell library was empty.

Dungeon Overview and Level Annotations

Branches:
Dungeon (14/15)            Temple (0/1) D:6            Lair (6/6) D:10
  Swamp (4/4) Lair:3       Spider (3/4) Lair:2        Slime (1/5) Lair:6
    Orc (2/2) D:9             Elf (0/3) Orc:2        Vaults (0/5) D:13
Ossuary (visited)

Altars:
Cheibriados
Qazlal
Ru
Sif Muna
Xom
Zin
The Shining One
Beogh

Shops:
D:4 (   D:8 =   D:9 [   D:13 }   Orc:2 =**?

Annotations:
Spider:3 Mara


Innate Abilities, Weirdness & Mutations

You are too large for most types of armour.
You have claws for hands.
Your metabolism is lightning-fast.
You like to eat raw meat.
Your natural rate of healing is unusually fast.
You are covered in fur. (AC +1)
You have extremely tough skin. (AC +3)
You occasionally shout uncontrollably at your foes.
You are weak. (Str -2)


Message History

Mara is lightly wounded.
You block Mara's attack.
You scratch Mara.
Mara is lightly wounded.
You miss Mara.
Mara is lightly wounded.
Mara hits you with a +5 vampiric demon whip!
Mara draws strength from your wounds!
You scratch Mara.
Mara is lightly wounded.
Mara hits you with a +5 vampiric demon whip.
Mara draws strength from your wounds! Mara gestures at you.
The bolt of fire hits you!!!! The fire burns you terribly!
* * * LOW HITPOINT WARNING * * *
Okay, then.
As you read the scroll of fog, it crumbles to dust.
The scroll dissolves into smoke.
Mara hits you with a +5 vampiric demon whip!
You die...

##..†...###
#......####
#.....##..##
##....†....#
##..#.....#
#######..####
#...§§###
###.§§§.#
###@§§#
#..§§R##
#..§..##
#..R..^#
#.@...##
#..#### ...
..


You could see Mara.

Vanquished Creatures
  Nikola (Swamp:3)
  Arachne (Spider:2)
  An acid blob (Slime:1)
  2 thorn hunters
  Kirke (D:14)
  2 azure jellies
  An orc warlord (Orc:2)
  Aizul (Spider:2)
  An emperor scorpion (Spider:2)
  The ghost of Kohma the Fighter, a journeyman DrIE of Ashenzari (Lair:6)
  An entropy weaver (Spider:2)
  11 hydras
  An ice dragon (Lair:6)
  2 vault guards (D:13)
  A ghost crab (Swamp:4)
  2 shambling mangroves
  4 centaur warriors
  8 two-headed ogres
  13 alligators
  5 death yaks (Lair:3)
  A tengu warrior (D:11)
  The ghost of anet the Thaumaturge, a journeyman DEWz of Ashenzari (Lair:1)
  A spriggan berserker (Swamp:4)
  4 orc high priests (Orc:2)
  A deep elf knight (D:12)
  Sonja (Lair:5)
  15 swamp dragons
  6 spriggan druids
  A death drake (Swamp:3)
  A wizard (D:13)
  3 unseen horrors
  4 spectral hydras (Swamp:3)
  3 necromancers
  2 lindwurms (Lair:6)
  A deep elf mage (D:12)
  3 orb spiders (Spider:2)
  15 wolf spiders
  4 orc knights (Orc:2)
  7 orc sorcerers
  A shining eye (Lair:6)
  4 ugly things
  A moth of wrath (Spider:2)
  8 elephants
  2 eyes of devastation
  2 black mambas (Lair:6)
  11 torpor snails
  20 spiny frogs
  2 rime drakes
  6 komodo dragons
  6 swamp worm zombies (Swamp:3)
  6 demonic crawlers
  3 kobold demonologists (D:13)
  A tengu conjurer (D:11)
  9 trolls
  13 tyrant leeches
  11 jumping spiders
  A polar bear (Lair:6)
  4 alligator zombies (Swamp:3)
  10 blink frogs
  28 slime creatures
  13 bog bodies
  A wolf spider simulacrum (D:14)
  20 hornets
  2 spectral swamp dragons (Swamp:3)
  Prince Ribbit (D:5)
  A hippogriff (shapeshifter) (D:11)
  11 hippogriffs
  8 dream sheep
  A water elemental (D:11)
  52 redbacks
  8 spriggans
  A shadow (D:13)
  33 yaks
  Eustachio (D:6)
  2 large abominations (Swamp:3)
  14 tarantellas
  A wraith (Swamp:3)
  3 wyverns
  18 humans (D:13)
  3 tyrant leech zombies (Swamp:3)
  2 basilisks
  A hog (D:14)
  15 vampire mosquitoes
  3 wargs (D:10)
  Menkaure (D:6)
  2 spiny frog zombies (Swamp:3)
  An acid dragon (D:13)
  16 swamp worms
  13 porcupines
  6 water moccasins
  2 sky beasts
  14 swamp drakes
  3 black bears
  An eye of draining (Lair:6)
  9 necrophages
  37 orc warriors
  2 phantoms
  17 ogres
  A centaur (D:7)
  7 crocodiles
  An elf zombie (Ossuary)
  12 bullfrogs
  9 big kobolds
  A wyvern skeleton (D:7)
  4 scorpions
  A spriggan zombie (Swamp:3)
  4 wights (D:12)
  2 troll zombies (Swamp:3)
  9 killer bees
  6 electric eels
  6 centaur zombies
  5 crimson imps
  2 bullfrog zombies
  A quasit (D:12)
  4 jellies
  7 hounds
  3 bullfrog skeletons
  A gnoll shaman (D:8)
  35 orc priests
  A human zombie (Ossuary)
  19 orc wizards
  3 iguanas
  A centaur skeleton (D:11)
  11 worker ants
  2 ogre zombies (Ossuary)
  A hound zombie (D:6)
  3 hound skeletons
  7 mummies (Ossuary)
  A howler monkey zombie (D:10)
  13 adders
  8 gnolls
  A shadow imp (D:11)
  2 oozes
  6 adder zombies (Ossuary)
  2 adder skeletons (D:2)
  7 worms
  3 dart slugs
  9 leopard geckos
  114 orcs
  8 bats
  2 bat zombies (D:2)
  8 giant cockroaches
  5 goblins
  10 hobgoblins
  4 jackals (D:1)
  7 quokkas
  A ball python (D:1)
  3 frilled lizards
  4 goblin zombies (Ossuary)
  4 hobgoblin zombies (Ossuary)
  22 kobolds
  2 kobold zombies (Ossuary)
  2 leopard gecko skeletons
  A quokka skeleton (D:2)
  4 quokka zombies (Ossuary)
  11 rats
  3 rat zombies (Ossuary)
  6 plants
1064 creatures vanquished.

Vanquished Creatures (others)
  A hydra (Lair:6)
  A dream sheep (Lair:6)
  2 humans (D:14)
  A swamp worm (Swamp:3)
  An orc (Orc:2)
  6 fungi (Lair:6)
  10 plants
  2 withered plants (Swamp:3)
24 creatures vanquished.

Grand Total: 1088 creatures vanquished

Notes
Turn   | Place    | Note
-------+----------+-------------------------------------------
     0 | D:1      | Emblim88 the Troll Berserker began the quest for the Orb.
     0 | D:1      | Reached XP level 1. HP: 22/22 MP: 0/0
   174 | D:1      | Reached XP level 2. HP: 29/29 MP: 1/1
   684 | D:1      | Reached XP level 3. HP: 36/36 MP: 2/2
   772 | D:1      | Reached ** piety under Trog
   987 | D:2      | Reached skill level 1 in Throwing
  1161 | D:2      | Reached XP level 4. HP: 44/44 MP: 3/3
  1253 | D:2      | Reached skill level 4 in Unarmed Combat
  2069 | D:3      | Found a faded altar of an unknown god.
  2153 | D:3      | Reached XP level 5. HP: 53/53 MP: 4/4
  2166 | D:3      | Found a stormy altar of Qazlal.
  2428 | D:3      | Reached *** piety under Trog
  2469 | D:3      | Noticed an ogre
  2478 | D:3      | Killed an ogre
  3033 | D:4      | Found Sote Dal's Antique Weapon Emporium.
  3049 | D:4      | Reached skill level 1 in Shields
  3049 | D:4      | Reached XP level 6. HP: 60/61 MP: 5/5
  3241 | D:4      | Reached skill level 5 in Unarmed Combat
  3782 | D:5      | Entered Level 5 of the Dungeon
  3844 | D:5      | Found a glowing silver altar of Zin.
  3893 | D:5      | Reached XP level 7. HP: 58/67 MP: 6/6
  3944 | D:5      | Found a shimmering blue altar of Sif Muna.
  3977 | D:5      | Noticed Prince Ribbit
  3992 | D:5      | Killed Prince Ribbit
  3992 | D:5      | Reached skill level 6 in Unarmed Combat
  4608 | D:6      | Reached XP level 8. HP: 78/78 MP: 7/7
  4636 | D:6      | Reached skill level 7 in Unarmed Combat
  4647 | D:6      | Found a sacrificial altar of Ru.
  4697 | D:6      | Noticed Eustachio
  4715 | D:6      | Killed Eustachio
  4772 | D:6      | Found a staircase to the Ecumenical Temple.
  4781 | D:6      | Noticed Menkaure
  4815 | D:6      | Killed Menkaure
  4912 | D:6      | Reached **** piety under Trog
  5291 | D:7      | Reached skill level 8 in Unarmed Combat
  5302 | D:7      | Reached skill level 5 in Fighting
  5302 | D:7      | Reached XP level 9. HP: 26/88 MP: 8/8
  5446 | D:7      | Noticed a troll
  5462 | D:7      | Killed a troll
  5479 | D:7      | Reached skill level 5 in Throwing
  5915 | D:7      | Reached skill level 9 in Unarmed Combat
  5924 | D:7      | Found a glowing golden altar of the Shining One.
  6403 | D:8      | Noticed a two-headed ogre
  6411 | D:8      | Killed a two-headed ogre
  6411 | D:8      | Reached XP level 10. HP: 98/98 MP: 9/9
  6425 | D:8      | Found a sand-covered staircase.
  6440 | Ossuary  | Entered an ossuary
  6682 | Ossuary  | Reached ***** piety under Trog
  6682 | Ossuary  | Received a gift from Trog
  6704 | Ossuary  | Reached skill level 5 in Shields
  7113 | D:8      | Reached skill level 10 in Unarmed Combat
  7432 | D:8      | Found Siwkal's Jewellery Shop.
  7782 | D:8      | Noticed a red ugly thing
  7792 | D:8      | Killed a red ugly thing
  8307 | D:9      | Received a gift from Trog
  8451 | D:9      | Found a staircase to the Orcish Mines.
  8464 | D:9      | Found Bounal's Armour Emporium.
  8661 | D:9      | Noticed a two-headed ogre
  8685 | D:9      | Killed a two-headed ogre
  8685 | D:9      | Reached skill level 11 in Unarmed Combat
  8733 | D:9      | Reached XP level 11. HP: 105/106 MP: 10/10
  8770 | D:9      | Noticed a three-headed hydra
  9291 | D:10     | Entered Level 10 of the Dungeon
  9291 | D:10     | Noticed a centaur warrior
  9295 | D:10     | Killed a centaur warrior
  9483 | D:10     | Noticed a purple ugly thing
  9496 | D:10     | Killed a purple ugly thing
  9634 | D:10     | Found a staircase to the Lair.
  9760 | D:10     | Killed an unseen horror
 10378 | D:11     | Killed an unseen horror
 10443 | D:11     | Found a glowing golden altar of the Shining One.
 10455 | D:11     | Received a gift from Trog
 10468 | D:11     | Reached skill level 12 in Unarmed Combat
 10485 | D:11     | Noticed a tengu warrior
 10493 | D:11     | Killed a tengu warrior
 11153 | D:11     | Noticed a two-headed ogre
 11159 | D:11     | Killed a two-headed ogre
 11569 | D:12     | Noticed a deep elf mage
 11577 | D:12     | Killed a deep elf mage
 11577 | D:12     | Received a gift from Trog
 11629 | D:12     | Reached XP level 12. HP: 112/119 MP: 11/11
 11808 | D:12     | Noticed a two-headed ogre
 11814 | D:12     | Killed a two-headed ogre
 12017 | D:13     | Found Cituego's Gadget Boutique.
 12020 | D:13     | Bought a phial of floods for 600 gold pieces
 12455 | D:13     | Found a shimmering altar of Xom.
 12462 | D:13     | Found a shimmering altar of Xom.
 12463 | D:13     | Found a shimmering altar of Xom.
 12497 | D:13     | Noticed a centaur warrior
 12511 | D:13     | Killed a centaur warrior
 12511 | D:13     | Reached skill level 13 in Unarmed Combat
 12553 | D:13     | Noticed a two-headed ogre
 12561 | D:13     | Killed a two-headed ogre
 12797 | D:13     | Noticed a centaur warrior
 12805 | D:13     | Killed a centaur warrior
 12935 | D:13     | Noticed a centaur warrior
 13163 | D:13     | Received a gift from Trog
 13453 | D:13     | Noticed a vault guard
 13475 | D:13     | Killed a vault guard
 13475 | D:13     | Reached XP level 13. HP: 130/130 MP: 12/12
 13528 | D:13     | Reached skill level 14 in Unarmed Combat
 13661 | D:13     | Found a gate to the Vaults.
 13870 | D:14     | Noticed Kirke
 13880 | D:14     | Killed Kirke
 13908 | D:14     | Identified a scroll of acquirement
 13921 | D:14     | Identified the +0 hat of Spite {Str+4 Int-2} (You acquired
                  | it on level 14 of the Dungeon)
 14170 | D:8      | Bought the ring "Rullyoc" {rPois rC+ Dex+4 Stlth-} for 409
                  | gold pieces
 14263 | Lair:1   | Entered Level 1 of the Lair of Beasts
 14905 | Lair:1   | Found a runed translucent door.
 14910 | Lair:1   | Noticed anet's ghost (journeyman DEWz)
 15847 | Lair:2   | Found a hole to the Spider Nest.
 15879 | Lair:2   | Received a gift from Trog
 16348 | Lair:3   | Found a staircase to the Swamp.
 16702 | Lair:3   | Reached skill level 1 in Evocations
 17476 | Lair:4   | Reached XP level 14. HP: 139/140 MP: 16/16
 17604 | Lair:4   | Reached skill level 5 in Evocations
 18182 | Lair:5   | Reached skill level 10 in Throwing
 18248 | Lair:5   | Noticed Sonja
 18250 | Lair:5   | Killed Sonja
 18709 | Lair:6   | Entered Level 6 of the Lair of Beasts
 18715 | Lair:6   | Reached skill level 15 in Unarmed Combat
 18996 | Lair:6   | Found a staircase to the Slime Pits.
 19128 | Lair:6   | Found a runed translucent door.
 19161 | Lair:6   | Received a gift from Trog
 19171 | Lair:6   | Paralysed by a hornet for 2 turns
 19370 | Lair:6   | Reached skill level 10 in Fighting
 19565 | Lair:6   | Found a runed translucent door.
 19568 | Lair:6   | Noticed Kohma's ghost (journeyman DrIE)
 19606 | Lair:6   | Killed Kohma's ghost
 19614 | Lair:6   | Identified the Disquisition on Flames
 19706 | Lair:6   | Found a snail-covered altar of Cheibriados.
 20009 | Lair:6   | Received a gift from Trog
 20982 | Orc:1    | Entered Level 1 of the Orcish Mines
 21228 | Orc:2    | Entered Level 2 of the Orcish Mines
 22056 | Orc:2    | Paralysed by an orc sorcerer for 6 turns
 22068 | Orc:2    | HP: 4/144 [orc warrior/+0 trident (9)]
 22218 | Orc:2    | Found a roughly hewn altar of Beogh.
 22226 | Orc:2    | Found Zietyzug's Magic Scroll Boutique.
 22230 | Orc:2    | Reached skill level 10 in Shields
 22306 | Orc:2    | Bought a scroll of teleportation for 39 gold pieces
 22306 | Orc:2    | Bought a scroll of teleportation for 39 gold pieces
 22306 | Orc:2    | Bought a scroll of teleportation for 39 gold pieces
 22356 | Orc:2    | Reached XP level 15. HP: 69/152 MP: 17/17
 22517 | Orc:2    | Found Fyleut's General Store.
 22531 | Orc:2    | Bought a potion of curing for 36 gold pieces
 22531 | Orc:2    | Bought a potion of mutation for 96 gold pieces
 22651 | Orc:2    | Received a gift from Trog
 22714 | Orc:2    | Got a thick robe
 22725 | Orc:2    | Identified the +0 robe of Lugonu's Supremacy {rElec} (You
                  | found it on level 2 of the Orcish Mines)
 23029 | Orc:2    | Noticed an orc warlord
 23045 | Orc:2    | Killed an orc warlord
 23370 | Orc:2    | Found Oxusketorr's Assorted Antiques.
 23464 | Orc:2    | Found a roughly hewn altar of Beogh.
 23470 | Orc:2    | Found Cadduly's Jewellery Boutique.
 23673 | Orc:2    | Bought a +2 amulet of reflection for 112 gold pieces
 23673 | Orc:2    | Bought the ring "Loeshry" {Ice Str+3 Dex+4 Stlth+} for 742
                  | gold pieces
 23727 | Orc:2    | Reached skill level 16 in Unarmed Combat
 23825 | Orc:2    | Found a staircase to the Elven Halls.
 24854 | Slime:1  | Entered Level 1 of the Pits of Slime
 24858 | Slime:1  | Gained mutation: You are weak. (Str -2) [a shining eye]
 24859 | Slime:1  | Noticed an azure jelly
 24863 | Slime:1  | Noticed an azure jelly
 24867 | Lair:6   | Gained mutation: You occasionally shout uncontrollably at
                  | your foes. [a shining eye]
 24876 | Lair:6   | Killed an azure jelly
 25056 | Slime:1  | Noticed an acid blob
 25063 | Slime:1  | Killed an acid blob
 25090 | Slime:1  | Killed an azure jelly
 25533 | Lair:1   | Killed anet's ghost
 25597 | Swamp:1  | Entered Level 1 of the Swamp
 25980 | Swamp:1  | Got a polished trident
 26062 | Swamp:1  | Noticed a thorn hunter
 26067 | Swamp:1  | Killed a thorn hunter
 26067 | Swamp:1  | Received a gift from Trog
 26072 | Swamp:1  | Identified the cursed +1 trident "Kaenemerph" {holy, MR+
                  | SInv} (You found it on level 1 of the Swamp)
 26420 | Swamp:1  | Got an iridescent glaive
 26427 | Swamp:1  | Identified the +9 glaive of Untimely Demise {venom, rElec
                  | rN+ Dex+3} (You found it on level 1 of the Swamp)
 28664 | Swamp:3  | Noticed Nikola
 28969 | Swamp:3  | Reached skill level 17 in Unarmed Combat
 28969 | Swamp:3  | Reached XP level 16. HP: 162/162 MP: 18/18
 29165 | Swamp:3  | Received a gift from Trog
 29900 | Swamp:3  | Received a gift from Trog
 29958 | Swamp:3  | Killed Nikola
 30438 | Swamp:4  | Entered Level 4 of the Swamp
 31590 | Swamp:4  | Received a gift from Trog
 31793 | Swamp:4  | Noticed a thorn hunter
 31923 | Swamp:4  | Killed a thorn hunter
 31952 | Swamp:4  | Reached skill level 18 in Unarmed Combat
 32224 | Swamp:4  | Got a decaying rune of Zot
 32586 | Spider:1 | Entered Level 1 of the Spider Nest
 32869 | Spider:1 | Reached XP level 17. HP: 147/171 MP: 19/19
 33093 | Spider:1 | Received a gift from Trog
 33697 | Spider:2 | Noticed Aizul
 33725 | Spider:2 | HP: 3/172 [Aizul (12)]
 34032 | Spider:2 | Noticed Arachne
 34055 | Spider:2 | Killed Arachne
 34243 | Spider:2 | Received a gift from Trog
 34580 | Spider:2 | Killed Aizul
 35077 | Spider:3 | Noticed Mara
 35079 | Spider:3 | Noticed Emblim88's illusion
 35087 | Spider:3 | Noticed Emblim88's illusion
 35092 | Spider:3 | HP: 3/175 [Mara (illusionary)/bolt of fire (87)]
 35093 | Spider:3 | Mangled by Mara

Levels and vault maps discovered:
D:1:      dpeg_arrival_prison, layout_basic, kennysheep_nondescript
D:2:      minmay_diamond_boxcup, layout_loops_corners, serial_undead,
          serial_undead_d, serial_undead_a, serial_undead_f, serial_undead_a,
          serial_undead_f, serial_undead_f, serial_undead_b, minmay_tetromino_i2
D:3:      layout_basic, chequers_ecumenical_altar_simple_redux, st_stairs_8,
          nicolae_qazlal_general_emergency
D:4:      layout_basic, serial_shops, shop_statue, first_ration
D:5:      layout_loops_cross, kennysheep_mini, tgw_sif, uniq_prince_ribbit1
D:6:      layout_basic, minmay_temple_entry_trees,
          nicolae_ru_sacrificial_ziggurat, uniq_menkaure, uniq_eustachio
D:7:      layout_loops_ring, nicolae_tso_carved_into_rock
D:8:      layout_layer_cave, serial_shops, shop, nicolae_ossuary_entry_ruins
D:9:      layout_roguey, orc_david_3, hangedman_ranch [blue_anna_fruit_fields]
D:10:     layout_cave_pods, erik_lair_orcish_takeover
D:11:     layout_long_grid, basic_altar, serial_bayou, serial_bayou_lagoon_a,
          serial_bayou_pond_c, serial_bayou_lake_a, serial_bayou_pond_d
D:12:     layout_roguey
D:13:     layout_roguey, grunt_vaults_entry_tiered, serial_shops, shop,
          xom_redecorated
D:14:     layout_cave_pods, serial_bayou_pond_e, uniq_kirke
Lair:1:   layout_cave_pods, ebering_ghost_reflecting_pool, beast_lair_carwin_11
Lair:2:   layout_big_grid, nicolae_spider_entry_non_spiders, grunt_megastairs_3
Lair:3:   layout_gridlike, skrybe_swamp_entry_bodies, serial_bayou_pond_c,
          beast_lair_carwin_9, infiniplex_staircase_pool
Lair:4:   layout_small_grid
Lair:5:   layout_misc_corridors, uniq_sonja
Lair:6:   wormcave, layout_hall_layers, minmay_slime_entry_eyes,
          ebering_ghost_reflecting_pool, kennysheep_snail_temple
Swamp:1:  layout_falls_marsh, evilmike_swamp_ruin_house_2, swamp_pool3
Swamp:2:  layout_basic_swamp, evilmike_swamp_ruin_house_3
Swamp:3:  cheibrodos_swamp_mausoleum, layout_falls_marsh,
          evilmike_swamp_ruin_house_4, uniq_nikola
Swamp:4:  swamp_basic_johnstein, layout_basic_swamp, swamp_pool2,
          roderic_carrion_pond
Spider:1: layout_spider_delve
Spider:2: layout_spider_delve, uniq_arachne, uniq_aizul
Spider:3: layout_spider_delve, drop_trap, uniq_mara, uniq_louise
Slime:1:  layout_caves
Orc:1:    layout_caves
Orc:2:    pubby_orc_utopia

Skill      XL: |  1  2  3  4  5  6  7  8  9 10 11 12 13 14 15 16 17 |
---------------+----------------------------------------------------+-----
Throwing       | 1 2 3 4 5 6 8 9 11 12 13 | 13.1
Unarmed Combat | 4 5 6 8 9 11 12 13 14 15 17 18 | 18.7
Dodging        | 3 |  3.0
Fighting       | 3 4 5 6 7 8 9 10 11 12 | 12.4
Shields        | 1 2 3 4 6 7 8 10 11 12 | 12.0
Evocations     | 4 5 |  5.0

Action                   |  1- 3 |  4- 6 |  7- 9 | 10-12 | 13-15 | 16-18 || total
-------------------------+-------+-------+-------+-------+-------+-------++-------
Melee: Unarmed           |   112 |   137 |   160 |   669 |  1116 |   622 ||  2816
       Punch             |     2 |       |       |       |       |       ||     2
Throw: Javelin           |     3 |    16 |    21 |    11 |    37 |    16 ||   104
       Boomerang         |       |       |    77 |   192 |   295 |   282 ||   846
       Large rock        |       |       |    16 |    54 |    50 |    21 ||   141
       Stone             |       |       |     1 |     1 |       |       ||     2
       Dart              |       |       |       |    15 |   112 |     6 ||   133
       Throwing net      |       |       |       |     1 |       |       ||     1
Invok: Berserk           |       |       |     3 |     2 |     7 |     6 ||    18
       Trog's Hand       |       |       |     3 |     3 |     8 |     4 ||    18
Evoke: Wand              |       |       |       |    10 |    18 |     7 ||    35
       Phial of floods   |       |       |       |       |     1 |       ||     1
  Use: Scroll            |       |       |    11 |    11 |    21 |    12 ||    55
       Potion            |       |       |     3 |     1 |    11 |     6 ||    21
 Stab: Sleeping          |     1 |     1 |       |       |       |       ||     2
  Eat: Chunk             |    16 |    19 |    33 |    67 |   121 |    27 ||   283
       Ration            |       |       |       |       |     8 |    10 ||    18
Armor: Animal skin       |    44 |    52 |    18 |       |       |       ||   114
       Troll leather arm |       |       |     6 |   120 |     9 |       ||   135
       Acid dragon scale |       |       |       |       |   145 |   134 ||   279
       Robe              |       |       |       |       |    26 |       ||    26
Dodge: Dodged            |    56 |    50 |    43 |    94 |   222 |   184 ||   649
Block: Kite shield       |       |    23 |    70 |   242 |   590 |   514 ||  1439
       Reflection        |       |       |       |       |     5 |     3 ||     8

Table legend:
 A = Non-vault XP
 B = Vault XP
 C = Vault XP percentage of total XP
 D = Non-vault monster count
 E = Vault monster count
 F = Vault count percentage of total count
                 A         B        C        D         E       F
            +---------+---------+-------+---------+---------+-------
      Total |  160279 |   89707 |  35.9 |     684 |     376 |  35.5
            +---------+---------+-------+---------+---------+-------
        D:1 |      40 |       5 |  11.1 |      22 |       4 |  15.4
        D:2 |      76 |      71 |  48.3 |      21 |      16 |  43.2
        D:3 |     146 |       5 |   3.3 |      10 |       2 |  16.7
        D:4 |     263 |       0 |   0.0 |      10 |       0 |   0.0
        D:5 |     394 |     304 |  43.6 |      12 |       2 |  14.3
        D:6 |     797 |     380 |  32.3 |      22 |       2 |   8.3
        D:7 |    2039 |       0 |   0.0 |      36 |       0 |   0.0
        D:8 |    2433 |       0 |   0.0 |      34 |       0 |   0.0
        D:9 |    3574 |    2233 |  38.5 |      32 |      14 |  30.4
       D:10 |    2820 |     677 |  19.4 |      19 |       9 |  32.1
       D:11 |    4757 |       0 |   0.0 |      44 |       0 |   0.0
       D:12 |    5223 |       0 |   0.0 |      23 |       0 |   0.0
       D:13 |   10524 |    7501 |  41.6 |      40 |      23 |  36.5
       D:14 |     268 |    2197 |  89.1 |       1 |       2 |  66.7
     Lair:1 |    2180 |    1518 |  41.0 |       8 |       4 |  33.3
     Lair:2 |    3411 |     401 |  10.5 |      13 |       9 |  40.9
     Lair:3 |    9056 |    1863 |  17.1 |      24 |       7 |  22.6
     Lair:4 |    4772 |       0 |   0.0 |      15 |       0 |   0.0
     Lair:5 |    4869 |     814 |  14.3 |      17 |       1 |   5.6
     Lair:6 |   13544 |   10944 |  44.7 |      43 |      25 |  36.8
    Swamp:1 |   14631 |       0 |   0.0 |      29 |       0 |   0.0
    Swamp:2 |    5735 |       0 |   0.0 |      14 |       0 |   0.0
    Swamp:3 |   15081 |   19779 |  56.7 |      40 |      49 |  55.1
    Swamp:4 |   11688 |   16040 |  57.8 |      28 |      27 |  49.1
   Spider:1 |   14526 |       0 |   0.0 |      52 |       0 |   0.0
   Spider:2 |   19062 |    5019 |  20.8 |      55 |       2 |   3.5
   Spider:3 |    1434 |       0 |   0.0 |       4 |       0 |   0.0
    Slime:1 |    4977 |       0 |   0.0 |       4 |       0 |   0.0
      Orc:1 |    1959 |     293 |  13.0 |      12 |       9 |  42.9
      Orc:2 |       0 |   19152 | 100.0 |       0 |     132 | 100.0
    Ossuary |       0 |     511 | 100.0 |       0 |      37 | 100.0
            +---------+---------+-------+---------+---------+-------
